Map: Dreamcatcher LE

Players

CaptainBrash

  • Race: Terran Terran
  • League: Silver
  • Spawn Location: 11:00

DarKCat - Winner!

  • Race: Protoss Protoss
  • League: Silver
  • Spawn Location: 5:00

VOD

Have the link to the VOD?

Description

Time

  • Played on: Sept. 14, 2018, 7:19 p.m.
  • Length: 14:33
Show
View Real Time Build Order
Export as new Build Order

CaptainBrash Terran 

Build Orders:  

Get SALT Encoding   

  12  0:01  SCV  
  14  0:14  SCV  
  14  0:18  Supply Depot  
  14  0:26  SCV  
  15  0:40  SCV  
  16  0:44  Barracks  
  16  0:52  Refinery  
  16  0:53  SCV  
  17  1:07  SCV  
  18  1:19  SCV  
  19  1:39  Supply Depot  
  19  1:40  SCV  
  20  1:51  Command Center  
  21  2:08  SCV  
  21  2:10  Barracks Reactor  
  21  2:13  Barracks  
  21  2:26  SCV, Supply Depot  
  22  2:39  Orbital Command  
  22  2:47  Marine, Reaper  
  24  3:00  Supply Depot  
  24  3:03  Barracks Tech Lab  
  24  3:10  Factory  
  24  3:15  SCV  
  25  3:30  SCV  
  26  3:36  Marine x3, Supply Depot  
  26  3:40  Stimpack  
  29  3:42  SCV x2  
  31  3:48  Refinery  
  31  3:54  Marine x3, SCV  
  35  4:00  Factory Reactor  
  35  4:09  SCV  
  36  4:11  SCV  
  37  4:20  Starport  
  37  4:22  Marine x3  
  40  4:33  Supply Depot  
  40  4:51  SCV  
  41  4:56  Factory Tech Lab  
  41  5:07  Marine x2  
  41  5:08  Marine  
  44  5:19  Medivac x2  
  48  5:22  Siege Tank  
  48  5:25  Marine x3  
  48  5:27  Supply Depot  
  54  5:30  SCV  
  54  5:32  SCV  
  56  5:43  Marine x2  
  56  5:44  SCV  
  56  5:45  Barracks  
  56  5:47  Marine  
  60  6:01  Marine x2  
  62  6:05  Marine  
  62  6:07  Widow Mine  
  65  6:11  SCV  
  65  6:15  SCV  
  67  6:21  Supply Depot  
  67  6:24  Marine x3  
  70  6:28  SCV, Medivac  
  70  6:29  Medivac  
  75  6:33  Barracks  
  75  6:36  Siege Tank  
  75  6:39  Barracks Reactor  
  78  6:40  SCV  
  78  6:42  Marine x2  
  78  6:44  Supply Depot  
  81  6:52  SCV  
  81  6:53  Marine  
  83  7:07  Marine x2  
  85  7:10  Marine  
  85  7:11  Siege Tank  
  89  7:24  SCV  
  89  7:25  Marine x2  
  89  7:28  Marine  
  93  7:36  SCV, Command Center  
  94  7:43  Marine x2  
  94  7:44  Hellion  
  98  7:46  Marine  
  99  7:56  Marine x2  
  101  8:00  Marine  
  102  8:45  Hellion  
  102  8:46  Marine x2  
  102  8:47  Marine x2  
  93  9:06  Hellion  
  56  9:33  Marine x4  
  56  9:34  Marine x2  
  56  9:36  Engineering Bay  
  62  9:51  Marine x5  
  67  9:54  Marine  
  68  10:02  Raven  
  70  10:08  Marine, Terran Infantry Weapons Level 1  
  70  10:09  Marine x4  
  70  10:12  Marine  
  76  10:17  Sensor Tower  
  67  10:26  Marine x2  
  67  10:27  Marine x3  
  62  10:29  Marine  
  62  10:44  Marine  
  58  11:01  Marine x2  
  58  11:02  Marine  
  50  11:17  SCV  
  48  11:19  Marine  
  48  11:23  SCV  
  50  11:26  Marine x3  
  50  11:27  Marine  
  50  11:29  SCV  
  50  11:31  Raven  
  57  11:35  SCV  
  57  11:37  Marine  
  57  11:39  SCV  
  60  11:44  Marine x4  
  64  11:47  SCV  
  64  11:51  SCV  
  66  11:55  Marine  
  66  11:59  SCV  
  67  12:02  Marine x3  
  69  12:11  SCV  
  69  12:14  Raven  
  64  12:34  Marine x4  
  64  12:35  Marine  
  69  12:52  Marine x5  
  69  12:57  Banshee  
  77  13:10  Marine x5  
  79  13:27  Marine  
  79  13:28  Marine x4  
  79  13:46  Marine  
Show
View Real Time Build Order
Export as new Build Order

DarKCat Protoss - Winner!

Build Orders: Nexus First 

Get SALT Encoding   

  12  0:10  Probe  
  13  0:18  Probe  
  13  0:27  Probe  
  15  0:55  Nexus  
  15  1:07  Pylon  
  15  1:21  Probe  
  16  1:31  Probe  
  16  1:34  Forge  
  17  1:43  Probe  
  17  1:45  Pylon  
  18  1:55  Probe  
  19  2:12  Gateway  
  19  2:14  Photon Cannon  
  19  2:20  Probe  
  19  2:28  Probe  
  21  2:37  Probe  
  21  2:42  Gateway  
  22  2:49  Probe  
  23  2:51  Assimilator  
  23  2:56  Assimilator  
  23  3:00  Pylon  
  23  3:01  Probe  
  24  3:06  Pylon  
  24  3:13  Probe  
  25  3:25  Probe  
  26  3:35  Photon Cannon  
  26  3:36  Photon Cannon  
  26  3:38  Probe  
  27  3:43  Photon Cannon  
  27  3:50  Probe  
  27  3:53  Pylon  
  28  4:00  Cybernetics Core  
  28  4:01  Probe  
  28  4:09  Probe  
  29  4:14  Assimilator  
  30  4:18  Probe, Assimilator  
  31  4:30  Probe  
  32  4:41  Twilight Council  
  32  4:42  Probe, Warp Gate  
  33  4:46  Pylon  
  33  4:51  Photon Cannon  
  33  4:54  Probe  
  34  5:07  Nexus  
  34  5:12  Assimilator  
  34  5:15  Assimilator  
  34  5:19  Pylon  
  34  5:21  Pylon  
  34  5:23  Charge  
  34  5:24  Pylon  
  34  5:35  Dark Shrine  
  34  5:40  Photon Cannon  
  34  5:45  Pylon  
  34  5:52  Photon Cannon  
  34  5:53  Photon Cannon  
  34  5:55  Photon Cannon  
  34  5:57  Photon Cannon  
  34  6:26  Pylon  
  34  6:27  Pylon  
  34  6:28  Probe  
  34  6:29  Pylon  
  34  6:30  Pylon  
  34  6:32  Pylon  
  35  6:36  Probe  
  35  6:45  Probe  
  37  6:57  Probe  
  38  7:09  Probe  
  38  7:10  Nexus  
  38  7:12  Stargate  
  38  7:14  Stargate  
  39  7:17  Stargate  
  39  7:18  Probe  
  39  7:21  Stargate  
  40  7:26  Probe  
  40  7:36  Probe  
  41  7:42  Gateway  
  42  7:44  Gateway  
  42  7:46  Gateway  
  42  7:48  Probe, Gateway  
  42  7:50  Gateway  
  43  8:05  Void Ray x3  
  46  8:19  Void Ray  
  50  8:32  Dark Templar  
  50  8:33  Dark Templar  
  54  8:55  Dark Templar  
  54  8:56  Dark Templar x3  
  62  9:21  Void Ray  
  62  9:22  Void Ray  
  70  9:24  Probe  
  71  9:32  Probe  
  72  9:38  Zealot x2  
  72  9:41  Probe  
  77  9:53  Probe  
  77  9:59  Void Ray  
  82  10:04  Void Ray  
  82  10:05  Probe  
  87  10:09  Void Ray  
  83  11:10  Oracle, Void Ray x3  
  98  11:12  Probe  
  95  11:20  Probe  
  96  11:26  Assimilator  
  96  11:30  Probe, Assimilator  
  97  11:35  Pylon  
  97  11:37  Pylon  
  97  11:42  Probe  
  98  11:47  Void Ray  
  98  11:53  Void Ray  
  98  11:54  Probe  
  107  12:10  Void Ray x2  
  111  12:28  Pylon  
  111  12:30  Void Ray  
  111  12:31  Probe, Pylon  
  111  12:36  Void Ray  
  120  12:39  Zealot x3  
  120  12:40  Zealot  
  120  12:43  Probe  
  129  12:55  Probe  
  130  13:07  Probe  
  130  13:18  Dark Templar x2  
  130  13:19  Dark Templar x3, Probe  
Tags
 
Add a new tag
Caveats
  • Supply blocks, unpowered buildings, or Contaminate may cause inaccurate times.
  • Supply counts are checked every 10 seconds.